 Dungeon Crawl Stone Soup version 0.28.0-45-g0d030f2227 (webtiles) character file.

Game seed: 496633148981945985

3 pkoi the Conjurer (level 1, 0/14 HPs)
             Began as a Demigod Conjurer on Apr 8, 2022.
             Slain by a jackal (2 damage)
             ... on level 1 of the Dungeon.
             The game lasted 00:00:20 (112 turns).

pkoi the Conjurer (Demigod Conjurer)                 Turns: 112, Time: 00:00:20

Health: 0/14       AC:  2    Str:  8    XL:     1   Next: 33%
Magic:  3/5        EV: 12    Int: 20    God:
Gold:   6          SH:  0    Dex: 12    Spells: 2/3 levels left

rFire   . . .      SeeInvis .   (no weapon)
rCold   . . .      Faith    .   (no shield)
rNeg    . . .      Spirit   .   a - +0 robe
rPois   .          Reflect  .   (no helmet)
rElec   .          Harm     .   (no cloak)
rCorr   .          Rampage  .   (no gloves)
Will    .....                   (no boots)
Stlth   ++........              (no amulet)
HPRegen 0.04/turn               (no ring)
MPRegen 0.09/turn               (no ring)

@: no status effects
A: high MP 1, forlorn, divine attributes
a: no special abilities


You were on level 1 of the Dungeon.
You visited 1 branch of the dungeon, and saw 1 of its levels.

You collected 6 gold pieces.

Inventory:

Armour
 a - a +0 robe (worn)
Scrolls
 b - a scroll of fear {unknown}


   Skills:
 - Level 1.7 Dodging
 - Level 1.7 Stealth
 + Level 1.9 Spellcasting
 + Level 3.7 Conjurations


You had 2 spell levels left.
You knew the following spells:

 Your Spells              Type           Power      Damage    Failure   Level
a - Magic Dart            Conj           64%        1d6       3%          1

Your spell library contained the following spells:

 Spells                   Type           Power      Damage    Failure   Level
 Searing Ray              Conj           32%        2d5       5%          2
 Dazzling Flash           Conj/Hex       18%        N/A       22%         3
 Fulminant Prism          Conj/Hex       4%         3d6       58%         4
 Iskenderun's Mystic Bla  Conj/Tloc      9%         2d4       58%         4


Dungeon Overview and Level Annotations

Branches:
Dungeon (1/15)


Innate Abilities, Weirdness & Mutations

You have an increased reservoir of magic. (+10% MP)
You shall have no god before yourself.
Your divine heritage dramatically boosts your attributes as you level up.


Message History

You are too depleted to draw on your mana recklessly!
You are too depleted to draw on your mana recklessly!
You start resting.
An endoplasm comes into view.
An endoplasm is nearby!
An endoplasm is nearby!
An endoplasm is nearby!
An endoplasm is nearby!
The magic dart hits the endoplasm.
The endoplasm is lightly wounded.
The endoplasm quivers.
A kobold and 3 jackals come into view.
The jackal barks!
You hear a bark!
A jackal comes into view.
The jackal moves out of view.
A hobgoblin comes into view.
The jackal barks!
The hobgoblin shouts!
The jackal barks!
A giant cockroach comes into view.
The kobold shouts!
The endoplasm freezes you.
You are frozen.
The endoplasm jiggles.
The endoplasm barely misses you.
A frilled lizard comes into view.
The endoplasm freezes you.
You are frozen.
* * * LOW HITPOINT WARNING * * *
You closely miss the jackal.
The jackal bites you but does no damage.
The jackal barely misses you. x2
The endoplasm freezes you.
You are frozen.
* * * LOW HITPOINT WARNING * * *
You barely miss the jackal.
The jackal misses you. x2; The endoplasm hits you.
* * * LOW HITPOINT WARNING * * *
You hit the jackal but do no damage.
The jackal bites you but does no damage. x2
The jackal misses you. The jackal bites you.
You die...

...≈..P..≈..## ###
.....≈...≈≈## #.l
......≈P≈.#.# #.#
......P...#≈# ###.##
...)..≈...≈.# #....##
#......≈PP.## #.#... .#
#..≈..P..### #.#(# .
##.P.....##### #.JB# .
###.........###@#.# .#
#......##..##hhh##.#
#.....#####...h.....#.#
#....### #####......#
...## ### ##.####.##
... ..# #.......# .#.
### #.######.######.
.... ..# #.#......#
....##.###.#h######


You could see an endoplasm, 4 jackals and a giant cockroach.

Vanquished Creatures
  2 jackals (D:1)
  A bat (D:1)
3 creatures vanquished.

Notes
Turn   | Place    | Note
-------+----------+-------------------------------------------
     0 | D:1      | pkoi the Demigod Conjurer began the quest for the Orb.
     0 | D:1      | Reached XP level 1. HP: 14/14 MP: 5/5
   112 | D:1      | Slain by a jackal

Illustrated notes

Levels and vault maps discovered:
D:1:      lemuel_arrival_muddy, layout_loops_ring, serial_shops,
          nicolae_shop_statue_plus, amcnicky_mini_pool_small,
          minmay_pentomino_s2

Action                   || total
-------------------------++-------
Melee: Unarmed           ||     3
 Cast: Magic Dart        ||     6
Armor: Robe              ||     3
Dodge: Dodged            ||     6
